 Dungeon Crawl Stone Soup version 0.22.0-38-g04b72b8 (webtiles) character file.

4239 poirepourri the Cleaver (level 10, -4/96 HPs)
             Began as a Deep Dwarf Fighter on Aug 30, 2018.
             Was a Believer of Makhleb.
             Slain by an orc warrior
             ... wielding a +0 trident
              (10 damage)
             ... on level 9 of the Dungeon.
             The game lasted 00:05:48 (4021 turns).

poirepourri the Cleaver (Deep Dwarf Fighter)        Turns: 4021, Time: 00:05:49

Health: -4/96      AC:  9    Str: 19    XL:     10   Next: 9%
Magic:  2/6        EV:  8    Int: 10    God:    Makhleb [**....]
Gold:   382        SH: 14    Dex: 15    Spells: 9/9 levels left

rFire    . . .     SeeInvis .   a - +2 war axe
rCold    . . .     Gourm    .   c - +2 shield
rNeg     . . .     Faith    .   b - +0 scale mail
rPois    .         Spirit   .   k - +0 helmet
rElec    .         Reflect  .   p - +0 cloak
rCorr    .         Harm     .   (no gloves)
MR       +....                  (no boots)
Stlth    ..........             (no amulet)
HPRegen  0.00/turn              (no ring)
MPRegen  0.10/turn              (no ring)

@: non-regenerating
A: damage resistance, heal wounds, sense surroundings 2, no regeneration
a: Heal Wounds, Minor Destruction, Renounce Religion


You were on level 9 of the Dungeon.
You worshipped Makhleb.
Makhleb was pleased with you.
You were not hungry.

You visited 2 branches of the dungeon, and saw 10 of its levels.

You collected 382 gold pieces.

Inventory:

Hand Weapons
 a - a +2 war axe (weapon)
Missiles
 t - 2 throwing nets (quivered)
Armour
 b - a +0 scale mail (worn)
 c - a +2 shield (worn)
 k - a +0 helmet (worn)
 p - a +0 cloak (worn)
Jewellery
 h - a +4 amulet of reflection {unknown}
Wands
 g - a wand of acid (2)
 r - a wand of scattershot (3)
Scrolls
 j - a scroll of amnesia
 m - a scroll of teleportation
Potions
 d - a potion of resistance
 i - a potion of cancellation
 l - 4 potions of flight
 q - a potion of curing
 v - a potion of brilliance {unknown}
Comestibles
 f - 8 rations


   Skills:
 - Level 8.0 Fighting
 - Level 10.1 Axes
 - Level 3.2 Armour
 + Level 9.6 Shields


You had 9 spell levels left.
You didn't know any spells.
Your spell library contained the following spells:

 Spells                   Type           Power        Failure   Level  Hunger
 Confusing Touch          Hex            #.....       92%         1    ##.....
 Magic Dart               Conj           #...         92%         1    ##.....
 Searing Ray              Conj           #.....       98%         2    ###....
 Confuse                  Hex            #.......     100%        3    ####...
 Dazzling Spray           Conj/Hex       #.....       100%        3    ####...
 Gell's Gravitas          Tloc           #.........   100%        3    ####...
 Force Lance              Conj/Tloc      #.......     100%        4    #####..
 Fulminant Prism          Conj/Hex       #.........   100%        4    #####..
 Iskenderun's Mystic Bla  Conj           #.......     100%        4    #####..
 Petrify                  Tmut/Erth      #.......     100%        4    #####..
 Metabolic Englaciation   Hex/Ice        #.........   100%        5    ######.
 Yara's Violent Unravell  Hex/Tmut       #.........   100%        5    ######.


Dungeon Overview and Level Annotations

Branches:
Dungeon (9/15)             Temple (1/1) D:4
   Lair: D:8-11         Orc: D:9-12

Altars:
Ashenzari
Cheibriados
Dithmenos
Elyvilon
Fedhas
Gozag
Hepliaklqana
Kikubaaqudgha
Makhleb
Okawaru
Qazlal
Ru
Trog
Uskayaw
Vehumet
Wu Jian
Xom
Zin

Shops:
D:7 :   D:9 !


Innate Abilities, Weirdness & Mutations

You are resistant to damage.
You can heal yourself by infusing magical energy.
You passively map the area around you.
You do not regenerate.


Message History

Things that are here:
a dagger; 8 gold pieces; an orc corpse You hit the orc warrior.
The orc warrior is lightly wounded.
You hit the yak. You slash the yak!
The orc warrior hits you with a trident.
The yak gores you. You block the yak's attack.
You hit the orc warrior.
The orc warrior is lightly wounded.
You hit the yak. You hit the yak but do no damage. You block the yak's attack.
The yak gores you.
The orc warrior hits you with a trident!
* * * LOW HITPOINT WARNING * * *
You hit the orc warrior.
The orc warrior is moderately wounded.
You hit the yak but do no damage. You hit the yak. The yak gores you!
* * * LOW HITPOINT WARNING * * *
You block the yak's attack.
The orc warrior hits you with a trident!
You die...

* * , ## * * * * .
, ,, .. , ##* #.*
*#.# #8## *####.
#.# #...#. ....oY
#.##......
*....YY### #.#.....
, .[.soYYY###
##.#..., , ,
,,*#Y@.## #....#,,
* ,, ###o.# #...>#
* , * ##.###)()†###
* , ,
#.....))[).#,,
##.......).# # *
#.>....(.)(#.# ** *
#..........#.# , *
#.......##.(.# ,
,,..........###.###


You could see 6 yaks, an orc warrior, a scorpion and 2 orcs.

Vanquished Creatures
  Prince Ribbit (D:5)
  2 hungry ghosts
  A wyvern (D:8)
  3 sky beasts
  Purgy (D:3)
  4 orc warriors
  2 phantoms (D:4)
  4 ogres
  3 centaurs
  2 bullfrogs
  2 scorpions (D:4)
  12 killer bees
  3 wights (D:6)
  A howler monkey (D:6)
  3 crimson imps
  A centaur skeleton (D:6)
  3 jellies
  Crazy Yiuf (D:5)
  2 bullfrog zombies (D:7)
  6 orc priests
  11 orc wizards
  8 worker ants
  A howler monkey zombie (D:9)
  A howler monkey skeleton (D:5)
  11 adders
  4 shadow imps
  An adder zombie (D:5)
  2 dart slugs
  4 leopard geckos
  25 orcs
  7 bats
  4 giant cockroaches
  14 goblins
  2 hobgoblins
  12 jackals
  5 kobolds
  2 quokkas
  2 ball pythons (D:2)
  7 frilled lizards
  A leopard gecko skeleton (D:6)
  5 rats
186 creatures vanquished.

Notes
Turn   | Place    | Note
-------+----------+-------------------------------------------
     0 | D:1      | poirepourri the Deep Dwarf Fighter began the quest for the Orb.
     0 | D:1      | Reached XP level 1. HP: 20/20 MP: 1/1
    86 | D:1      | Reached skill level 3 in Axes
    91 | D:1      | Reached XP level 2. HP: 25/27 MP: 2/2
   185 | D:1      | You fall through a shaft!
   395 | D:2      | Reached XP level 3. HP: 21/33 MP: 3/3
   403 | D:2      | Reached skill level 4 in Axes
   521 | D:2      | Reached XP level 4. HP: 17/40 MP: 4/4
   625 | D:2      | Found a snail-covered altar of Cheibriados.
   744 | D:3      | Reached skill level 5 in Axes
   777 | D:3      | Reached XP level 5. HP: 32/46 MP: 5/5
   781 | D:3      | Noticed Purgy
   788 | D:3      | Killed Purgy
   788 | D:3      | Reached skill level 6 in Axes
   954 | D:3      | Reached skill level 7 in Axes
   954 | D:3      | Reached XP level 6. HP: 54/55 MP: 5/5
  1333 | D:4      | Found a staircase to the Ecumenical Temple.
  1340 | Temple   | Entered the Ecumenical Temple
  1704 | D:4      | Reached skill level 8 in Axes
  1754 | D:4      | Reached XP level 7. HP: 61/61 MP: 5/5
  1879 | D:4      | Reached skill level 9 in Axes
  1977 | D:4      | Found a stormy altar of Qazlal.
  2012 | D:5      | Entered Level 5 of the Dungeon
  2025 | D:5      | Found a burning altar of Makhleb.
  2046 | D:5      | Became a worshipper of Makhleb the Destroyer
  2117 | D:5      | Found a shimmering altar of Xom.
  2151 | D:5      | Noticed Prince Ribbit
  2302 | D:5      | Reached skill level 10 in Axes
  2376 | D:5      | Killed Prince Ribbit
  2376 | D:5      | Reached XP level 8. HP: 34/72 MP: 4/4
  2546 | D:5      | Found a runed door.
  2598 | D:5      | Found a glowing silver altar of Zin.
  2762 | D:5      | Noticed Crazy Yiuf
  2766 | D:5      | Killed Crazy Yiuf
  2819 | D:6      | Reached skill level 5 in Fighting
  3022 | D:6      | Reached * piety under Makhleb
  3050 | D:6      | Gained mutation: You passively map the area around you. [Deep Dwarf growth]
  3050 | D:6      | Reached XP level 9. HP: 48/86 MP: 5/5
  3558 | D:7      | Paralysed by fainting for 9 turns
  3583 | D:7      | Reached skill level 5 in Shields
  3686 | D:7      | Reached ** piety under Makhleb
  3700 | D:7      | Found Jynafuig's Book Shoppe.
  3746 | D:8      | Noticed an eight-headed hydra
  3869 | D:9      | Found Qovapp's Distillery.
  3949 | D:9      | Reached XP level 10. HP: 54/96 MP: 6/6
  4021 | D:9      | Slain by an orc warrior

Skill      XL: |  1  2  3  4  5  6  7  8  9 |
---------------+----------------------------+-----
Axes           | 3 4 5 7 8 10 | 10.1
Fighting       | 4 7 8 |  8.0
Shields        | 9 |  9.6
Armour         | |  3.2

Action                   |  1- 3 |  4- 6 |  7- 9 | 10-12 || total
-------------------------+-------+-------+-------+-------++-------
Melee: War axe           |   124 |   143 |   365 |    37 ||   669
 Abil: Heal Wounds       |       |     4 |    14 |     2 ||    20
Evoke: Wand              |       |       |     6 |       ||     6
  Use: Scroll            |       |    10 |     7 |       ||    17
       Potion            |       |     2 |     8 |       ||    10
  Eat: Ration            |       |     1 |     6 |       ||     7
       Chunk             |       |       |     2 |       ||     2
Armor: Scale mail        |    60 |    58 |    99 |    10 ||   227
       Skin              |       |       |    56 |       ||    56
Dodge: Dodged            |    49 |    51 |   117 |    15 ||   232
Block: Shield            |    63 |    71 |   235 |    43 ||   412
